 Dungeon Crawl Stone Soup version 0.29-a0-322-g68df515428 (webtiles) character file.

Game seed: 10645247167330678999

39 EriolAelfwine the Covered (level 3, 0/34 HPs)
             Began as a Deep Dwarf Fighter on Apr 7, 2022.
             Killed by nerve-wracking pain
             ... invoked by a shadow imp
             ... summoned by Natasha
              (12 damage)
             ... on level 2 of the Dungeon.
             The game lasted 00:02:12 (996 turns).

EriolAelfwine the Covered (Deep Dwarf Fighter)       Turns: 996, Time: 00:02:13

Health: 0/34       AC: 10    Str: 27    XL:     3   Next: 28%
Magic:  3/3        EV:  9    Int:  8    God:
Gold:   68         SH:  4    Dex: 12    Spells: 2/2 levels left

rFire   . . .      SeeInvis .   a - +0 war axe
rCold   . . .      Faith    .   c - +0 buckler
rNeg    . . .      Spirit   .   b - +0 scale mail
rPois   .          Reflect  .   (no helmet)
rElec   .          Harm     .   (no cloak)
rCorr   .          Rampage  .   p - +2 pair of gloves
Will    .....                   (no boots)
Stlth   ..........              (no amulet)
HPRegen 0.00/turn               k - +6 ring of strength
MPRegen 0.08/turn               (no ring)

@: no status effects
A: damage resistance, heal wounds, sense surroundings 1, no regeneration
a: Heal Wounds


You were on level 2 of the Dungeon.
You visited 1 branch of the dungeon, and saw 2 of its levels.

You collected 68 gold pieces.

Inventory:

Hand Weapons
 a - a +0 war axe (weapon)
Armour
 b - a +0 scale mail (worn)
 c - a +0 buckler (worn)
 p - a +2 pair of gloves (worn)
Jewellery
 k - a +6 ring of strength (left hand)
Wands
 r - a wand of acid (8)
Scrolls
 g - 5 scrolls of identify {unknown}
 i - a scroll of enchant weapon {unknown}
 j - 4 scrolls of teleportation {unknown}
 l - a scroll of immolation {unknown}
Potions
 d - a potion of might
 e - 2 potions of degeneration {unknown}
 f - a potion of brilliance {unknown}
 h - 2 potions of curing {unknown}
 m - a potion of heal wounds {unknown}
 n - a potion of haste {unknown}
 o - a potion of magic {unknown}
 q - a potion of ambrosia {unknown}


   Skills:
 + Level 3.0 Fighting
 * Level 3.1 Axes
 + Level 3.6 Armour
 + Level 3.6 Shields


You had 2 spell levels left.
You didn't know any spells.
Your spell library contained the following spells:

 Spells                   Type           Power      Damage    Failure   Level
 Call Canine Familiar     Summ           0%         N/A       98%         3
 Portal Projectile        Hex/Tloc       0%         N/A       98%         3
 Leda's Liquefaction      Hex/Erth       0%         N/A       100%        4


Dungeon Overview and Level Annotations

Branches:
Dungeon (2/15)

Altars:

Annotations:
D:2 Natasha


Innate Abilities, Weirdness & Mutations

You are resistant to damage.
You can heal yourself by infusing magical energy.
You passively map a small area around you.
You do not regenerate.


Message History

The endoplasm freezes you.
You are frozen.
You hit the endoplasm.
The endoplasm is almost dead.
The endoplasm closely misses you.
You hit the endoplasm.
You kill the endoplasm!
No target in view!
j - 4 scrolls labelled COTAHE NURCH (gained 1) Natasha, Servant of Life and Death comes into view.
Natasha hisses angrily.
Natasha howls an incantation.
You feel troubled.
Natasha casts a spell.
The shadow imp gestures at you. Pain shoots through your body!
You hit the shadow imp but do no damage.
Natasha mumbles some strange words.
The shadow imp hits you but does no damage.
You hit the shadow imp.
The shadow imp is moderately wounded.
Natasha mumbles some strange words.
Natasha glows brightly for a moment.
You block the shadow imp's attack.
The crimson imp blinks!
You barely miss the shadow imp.
The shadow imp is moderately wounded.
You block the shadow imp's attack.
The crimson imp blinks!
The shadow imp hits you.
You closely miss the shadow imp.
The shadow imp is moderately wounded.
The shadow imp gestures at you.
You barely resist. You closely miss the shadow imp.
The shadow imp is moderately wounded.
The shadow imp completely misses you.
You hit the shadow imp.
The shadow imp is severely wounded.
The shadow imp gestures at you. Pain shoots through your body!
You die...

# , ,, ,
#### *,# ,
##...#* #.#
, ##..... ,
..# *
,,,...h...
### **
#.....## ,
#...5h# ,*
######### #
#5#* #
###.......#
#.##@##.#
..........#
#.......#
.#........#
####.####
##........#
#.#
##........#
####.##
##........#
#.....#
##........#
#....#.#
...########
#...#.##
##>#
##.#.##


You could see Natasha, a crimson imp (summoned) and a shadow imp (summoned).

Vanquished Creatures
  A worm (D:2)
  6 ball pythons
  5 endoplasms
  3 hobgoblins
  2 quokkas (D:1)
  6 bats
  3 frilled lizards (D:1)
  5 kobolds (D:1)
  3 rats (D:1)
34 creatures vanquished.

Notes
Turn   | Place    | Note
-------+----------+-------------------------------------------
     0 | D:1      | EriolAelfwine the Deep Dwarf Fighter began the quest for
                  | the Orb.
     0 | D:1      | Reached XP level 1. HP: 20/20 MP: 1/1
   155 | D:1      | Reached XP level 2. HP: 27/27 MP: 2/2
   166 | D:1      | Found a faded altar of an unknown god.
   703 | D:1      | Reached XP level 3. HP: 30/33 MP: 3/3
   986 | D:2      | Noticed Natasha
   996 | D:2      | Killed from afar by a shadow imp

Illustrated notes

Levels and vault maps discovered:
D:1:      dpeg_arrival_castle, layout_loops_ring,
          shapermc_ecumenical_altar_starsandcircs, fountainhead
D:2:      layout_loops_cross, uniq_terence, uniq_robin, uniq_natasha

Skill      XL: |  1  2  3 |
---------------+----------+-----
Axes           | 3 |  3.1
Fighting       | 3 |  3.0
Armour         | |  3.6
Shields        | |  3.6

Action                   || total
-------------------------++-------
Melee: War axe           ||   120
 Abil: Heal Wounds       ||     1
Armor: Scale mail        ||    76
Dodge: Dodged            ||    59
Block: Buckler           ||    37

Table legend: (Time is in decaauts)
 A = Elapsed time spent in this place.
 B = Non-inter-level travel time spent in this place.
 C = Inter-level travel time spent in this place.
 D = Time resting spent in this place.
 E = Time spent auto-exploring this place.
 F = Levels seen in this place.
 G = Mean time per level.
                   A        B        C        D        E       F      G
               +--------+--------+--------+--------+--------+-----+--------+
         Total |   1051 |    990 |     61 |      0 |    700 |   2 |  525.5 |
       Dungeon |   1051 |    990 |     61 |      0 |    700 |   2 |  525.5 |
               +--------+--------+--------+--------+--------+-----+--------+

Top non-repeatable levels by time:
     D:1: 826 daAuts
     D:2: 225 daAuts
